 Dungeon Crawl Stone Soup version 0.23-a0-891-g16004d8 (webtiles) character file.

Game seed: 6047860723091863941

28 TheGoonsmith the Shooter (level 2, -1/26 HPs)
             Began as a Minotaur Hunter on Jan 28, 2019.
             Slain by a centaur (5 damage)
             ... on level 2 of the Dungeon.
             The game lasted 00:01:53 (966 turns).

TheGoonsmith the Shooter (Minotaur Hunter)           Turns: 966, Time: 00:01:54

Health: -1/26      AC:  3    Str: 16    XL:     2   Next: 96%
Magic:  1/1        EV: 12    Int:  8    God:
Gold:   57         SH:  0    Dex: 10    Spells: 1/1 levels left

rFire    . . .     SeeInvis .   b - +1 dagger (freeze)
rCold    . . .     Gourm    .   (no shield)
rNeg     . . .     Faith    .   c - +0 leather armour
rPois    .         Spirit   .   (helmet restricted)
rElec    .         Reflect  .   (no cloak)
rCorr    .         Harm     .   (no gloves)
MR       .....                  (no boots)
Stlth    +.........             (no amulet)
HPRegen  0.08/turn              (no ring)
MPRegen  0.07/turn              (no ring)

@: no status effects
A: retaliatory headbutt, horns 2
a: no special abilities


You were on level 2 of the Dungeon.
You were not hungry.

You visited 1 branch of the dungeon, and saw 2 of its levels.

You collected 57 gold pieces.

Inventory:

Hand Weapons
 a - a +1 shortbow
 b - a +1 dagger of freezing (weapon)
 e - a +0 short sword
Missiles
 d - 20 arrows
 j - 16 poisoned needles
Armour
 c - a +0 leather armour (worn)
Scrolls
 g - a scroll of enchant weapon {unknown}
 h - a scroll of remove curse {unknown}
 i - a scroll of fear {unknown}
Potions
 k - a potion of brilliance {unknown}
Comestibles
 f - 2 rations


   Skills:
 + Level 3.1 Fighting
 + Level 4.7 Bows
 + Level 2.9 Dodging
 - Level 0.7 Stealth


You had one spell level left.
You didn't know any spells.
Your spell library was empty.

Dungeon Overview and Level Annotations

Branches:
Dungeon (2/15)

Altars:


Innate Abilities, Weirdness & Mutations

You reflexively headbutt those who attack you in melee.
You have a pair of horns on your head.


Message History

A centaur is nearby!
The centaur shouts!
The centaur wields a +0 shortbow.
The centaur shoots an arrow.
The arrow closely misses you.
The centaur shoots an arrow.
The arrow hits you!
You see here an arrow.
The centaur shoots an arrow.
The arrow barely misses you.
You see here an arrow.
The centaur unwields a +0 shortbow.
The centaur hits you.
You hit the centaur. You freeze the centaur.
The centaur is lightly wounded.
The centaur closely misses you.
You hit the centaur but do no damage.
The centaur is lightly wounded.
The centaur hits you. The centaur hits you!
* * * LOW HITPOINT WARNING * * *
You completely miss the centaur. You headbutt the centaur.
The centaur is moderately wounded.
The centaur hits you.
You die...

#. # #. ##.
#. #... #.
#
...###.##.#
...#...#.#
#..#.c.# ##
#..@#
#$###(##
#..(.#
#(#### #.#
#.# #<# #.#
#.#


You could see a centaur.

Vanquished Creatures
  An adder zombie (D:1)
  3 dart slugs (D:1)
  A giant cockroach (D:1)
  A hobgoblin (D:1)
  3 bats (D:1)
  3 frilled lizards
  A giant cockroach zombie (D:1)
  3 goblins (D:1)
  4 kobolds (D:1)
  A rat (D:1)
21 creatures vanquished.

Notes
Turn   | Place    | Note
-------+----------+-------------------------------------------
     0 | D:1      | TheGoonsmith the Minotaur Hunter began the quest for the
                  | Orb.
     0 | D:1      | Reached XP level 1. HP: 18/18 MP: 0/0
   106 | D:1      | Reached XP level 2. HP: 25/25 MP: 1/1
   959 | D:2      | Noticed a centaur
   966 | D:2      | Slain by a centaur

Vault maps used:
D:1:      saegor_arrival_fortress, nrook_mini_backslash
D:2:      fedhas_altar_2, grunt_temple_overflow_open, uniq_terence

Skill      XL: |  1  2 |
---------------+-------+-----
Fighting       | 3 |  3.1
Bows           | |  4.7
Dodging        | |  2.9
Stealth        | |  0.7

Action                   || total
-------------------------++-------
Melee: Short sword       ||    10
       Headbutt          ||     8
       Dagger            ||    36
Armor: Leather armour    ||    11
Dodge: Dodged            ||    29

Table legend:
 A = Non-vault XP
 B = Vault XP
 C = Vault XP percentage of total XP
 D = Non-vault monster count
 E = Vault monster count
 F = Vault count percentage of total count
                 A         B        C        D         E       F
            +---------+---------+-------+---------+---------+-------
      Total |      34 |       6 |  15.0 |      19 |       2 |   9.5
            +---------+---------+-------+---------+---------+-------
        D:1 |      33 |       6 |  15.4 |      18 |       2 |  10.0
        D:2 |       1 |       0 |   0.0 |       1 |       0 |   0.0
            +---------+---------+-------+---------+---------+-------
